Map: Frozen Temple

Players

IIIIIIIIIIII - Winner!

  • Race: Protoss Protoss
  • League: Grandmaster

llllllllllll

  • Race: Terran Terran
  • League: Master

VOD

Have the link to the VOD?

Description

Time

  • Played on: Aug. 30, 2016, 10:23 p.m.
  • Length: 7:19
Show
View Real Time Build Order
Export as new Build Order

IIIIIIIIIIII Protoss - Winner!

Build Orders: 1 Gate Expand, Oracle Opening 

Get SALT Encoding   

  12  0:02  Probe (Chrono Boost)  
  13  0:13  Probe (Chrono Boost)  
  14  0:18  Pylon  
  14  0:23  Probe (Chrono Boost)  
  15  0:36  Probe (Chrono Boost)  
  15  0:37  Gateway  
  16  0:43  Assimilator  
  16  0:47  Probe (Chrono Boost)  
  17  0:57  Probe (Chrono Boost)  
  18  1:08  Probe (Chrono Boost)  
  19  1:19  Nexus  
  19  1:22  Probe (Chrono Boost)  
  20  1:32  Cybernetics Core  
  20  1:36  Probe (Chrono Boost)  
  21  1:40  Assimilator  
  21  1:46  Probe (Chrono Boost)  
  22  1:50  Pylon  
  22  1:57  Probe (Chrono Boost)  
  23  2:08  Adept  
  23  2:11  Mothership Core (Chrono Boost)  
  27  2:17  Pylon  
  27  2:21  Warp Gate  
  28  2:31  Probe (Chrono Boost), Adept  
  28  2:33  Probe (Chrono Boost)  
  31  2:43  Probe x2 (Chrono Boost)  
  33  2:54  Probe x2 (Chrono Boost), Stargate  
  35  3:04  Probe (Chrono Boost)  
  35  3:05  Probe (Chrono Boost)  
  37  3:08  Forge  
  37  3:15  Probe x2 (Chrono Boost)  
  37  3:17  Pylon  
  39  3:25  Probe (Chrono Boost)  
  39  3:26  Probe (Chrono Boost)  
  40  3:34  Oracle  
  40  3:36  Probe (Chrono Boost)  
  40  3:37  Probe (Chrono Boost)  
  44  3:46  Twilight Council  
  44  3:47  Probe (Chrono Boost)  
  45  3:49  Probe (Chrono Boost)  
  44  3:57  Probe (Chrono Boost)  
  44  4:01  Probe (Chrono Boost)  
  45  4:05  Oracle  
  45  4:08  Probe (Chrono Boost)  
  46  4:12  Assimilator  
  46  4:14  Probe (Chrono Boost), Pylon, Assimilator  
  50  4:18  Probe (Chrono Boost)  
  49  4:24  Protoss Ground Weapons Level 1  
  49  4:26  Probe (Chrono Boost)  
  49  4:29  Probe (Chrono Boost)  
  51  4:36  Resonating Glaives  
  52  4:38  Probe (Chrono Boost)  
  52  4:39  Probe (Chrono Boost)  
  52  4:43  Gateway  
  52  4:45  Pylon, Gateway  
  53  4:51  Probe (Chrono Boost)  
  53  4:52  Probe (Chrono Boost)  
  54  5:03  Probe (Chrono Boost)  
  54  5:04  Probe (Chrono Boost)  
  53  5:10  Oracle  
  57  5:15  Probe (Chrono Boost)  
  57  5:16  Probe (Chrono Boost)  
  58  5:21  Gateway  
  58  5:22  Gateway  
  58  5:23  Gateway  
  58  5:27  Probe (Chrono Boost)  
  60  5:28  Probe (Chrono Boost)  
  60  5:47  Oracle  
  60  5:48  Probe x2 (Chrono Boost)  
  63  5:57  Robotics Facility  
  63  5:59  Pylon  
  63  6:01  Adept x3  
  69  6:04  Nexus  
  69  6:07  Pylon  
  69  6:18  Adept  
  69  6:19  Adept x2  
  69  6:23  Pylon x2  
  75  6:28  Probe (Chrono Boost)  
  76  6:41  Adept x6  
  76  6:43  Gateway  
  88  6:49  Pylon  
  88  6:50  Pylon  
Show
View Real Time Build Order
Export as new Build Order

llllllllllll Terran 

Build Orders: Reaper Expand 

Get SALT Encoding   

  12  0:00  SCV  
  13  0:13  SCV  
  14  0:18  Supply Depot  
  14  0:25  SCV  
  15  0:39  SCV  
  15  0:42  Barracks  
  16  0:46  Refinery  
  16  0:51  SCV  
  17  1:04  SCV  
  18  1:16  SCV  
  19  1:30  Orbital Command, Reaper  
  20  1:43  Command Center  
  20  1:55  Supply Depot  
  20  1:56  SCV  
  21  2:03  Refinery  
  21  2:08  SCV  
  22  2:11  Barracks Reactor  
  22  2:20  SCV  
  23  2:25  Factory  
  23  2:32  SCV  
  24  2:44  SCV  
  24  2:47  Command Center  
  25  2:56  Orbital Command, SCV  
  26  3:00  Marine  
  26  3:01  Marine  
  28  3:10  SCV  
  29  3:17  Marine, Widow Mine  
  29  3:19  Marine  
  33  3:22  SCV x2  
  33  3:35  Marine, SCV  
  33  3:36  SCV  
  33  3:37  Marine  
  33  3:53  Marine  
  35  3:59  Supply Depot x2  
  35  4:04  Orbital Command, Factory Tech Lab  
  35  4:06  Marine  
  32  4:21  SCV  
  29  4:24  Cyclone  
  26  4:34  SCV  
  26  4:35  SCV  
  26  4:42  Barracks Reactor  
  26  4:52  SCV  
  23  5:07  Cyclone  
  23  5:08  SCV x3  
  25  5:17  Barracks Reactor  
  24  5:21  SCV x2  
  24  5:22  SCV  
  22  5:33  SCV x2  
  22  5:35  SCV  
  25  5:39  Cyclone  
  29  5:45  SCV  
  29  5:48  SCV x2  
  32  5:54  Marine  
  32  5:55  Marine  
  32  5:56  Barracks  
  34  5:57  Barracks  
  34  5:58  SCV  
  34  6:03  SCV x2  
  37  6:15  Marine x2  
  37  6:17  SCV x3  
  42  6:29  Siege Tank, SCV x3  
  48  6:39  Marine  
  48  6:40  Marine  
  48  6:41  SCV x3  
  53  6:50  Supply Depot  
  53  6:51  Barracks Tech Lab x2  
  53  6:55  SCV x3  
  53  6:57  Marine x2  
Tags
 
Add a new tag
Caveats
  • Supply blocks, unpowered buildings, or Contaminate may cause inaccurate times.
  • Supply counts are checked every 10 seconds.